 Dungeon Crawl Stone Soup version 0.28-a0-906-g0406aca7d3 (webtiles) character file.

Game seed: 4137967537624867194

95 pokeman the Magician (level 4, -3/25 HPs)
             Began as a Deep Elf Hedge Wizard on Nov 24, 2021.
             Slain by Sigmund (11 damage)
             ... on level 3 of the Dungeon.
             The game lasted 00:05:56 (3175 turns).

pokeman the Magician (Deep Elf Hedge Wizard)        Turns: 3175, Time: 00:05:56

Health: -3/25      AC:  3    Str:  7    XL:     4   Next: 40%
Magic:  7/13       EV: 12    Int: 20    God:
Gold:   123        SH:  0    Dex: 14    Spells: 3/14 levels left

rFire   . . .      SeeInvis .   k - staff of air
rCold   . . .      Faith    .   (no shield)
rNeg    . . .      Spirit   .   d - +0 leather armour
rPois   .          Reflect  .   c - +0 hat
rElec   +          Harm     .   (no cloak)
rCorr   .          Rampage  .   (no gloves)
Will    .....                   (no boots)
Stlth   ++........              (no amulet)
HPRegen 0.08/turn               (no ring)
MPRegen 0.13/turn               (no ring)

@: lethally poisoned (-3 -> -7), very slightly contaminated
A: no striking features
a: no special abilities


You were on level 3 of the Dungeon.
You visited 1 branch of the dungeon, and saw 3 of its levels.

You collected 123 gold pieces.

Inventory:

Armour
 c - a +0 hat (worn)
 d - a +0 leather armour (worn)
Magical Staves
 k - a staff of air (weapon)
Scrolls
 a - a scroll of holy word {unknown}
 e - a scroll of silence {unknown}
 f - a scroll of summoning {unknown}
 g - 2 scrolls of identify {unknown}
 i - a scroll of fog {unknown}
 j - a scroll of noise {unknown}
Potions
 b - a potion of might {unknown}
 h - a potion of curing {unknown}


   Skills:
 - Level 1.0 Fighting
 - Level 1.0 Armour
 + Level 2.7 Dodging
 + Level 2.8 Stealth
 * Level 5.6 Spellcasting
 + Level 2.2 Conjurations
 - Level 1.1 Summonings
 - Level 1.1 Translocations


You had 3 spell levels left.
You knew the following spells:

 Your Spells              Type           Power      Damage    Failure   Level
a - Magic Dart            Conj           56%        1d5       6%          1
b - Mephitic Cloud        Conj/Pois/Air  13%        N/A       34%         3
c - Call Imp              Summ           10%        N/A       16%         2
d - Blink                 Tloc           20%        N/A       16%         2
e - Conjure Flame         Conj/Fire      10%        6-21      30%         3

Your spell library contained the following spells:

 Spells                   Type           Power      Damage    Failure   Level
 Slow                     Hex            20%        N/A       16%         1
 Animate Armour           Summ/Erth      14%        N/A       77%         4
 Blade Hands              Tmut           2%         N/A       99%         5
 Iron Shot                Conj/Erth      5%         9d2       100%        6


Dungeon Overview and Level Annotations

Branches:
Dungeon (3/15)

Altars:
Gozag

Annotations:
D:3 Sigmund, Terence


Message History

Terence hits your white imp with a +0 short sword.
Terence hits your white imp with a +0 short sword.
Your white imp dies!
Your white imp disappears in a puff of smoke!
There is a stone staircase leading up here.
You climb upwards.
There is a stone staircase leading down here.
There is a stone staircase leading up here.
There is a stone staircase leading down here.
You start resting.
HP restored.
You start resting.
Magic restored.
You climb downwards.
Level annotation: Terence
There is a stone staircase leading up here.
Found 8 gold pieces.
A bat comes into view.
Found a murky brown potion.
Casting: Call Imp (safe; 16% risk of failure)
Confirm with . or Enter, or press ? or * to list all spells.
The spell is extremely dangerous to cast (30% risk of failure)!
Continue anyway?
The fire begins to smoulder!
The bat hits you. Sigmund casts a spell at you. The magic dart hits you.
The bat barely misses you.
The fire ignites!
The bat closely misses you.
Casting: Conjure Flame (extremely dangerous; 30% risk of failure)
Confirm with . or Enter, or press ? or * to list all spells.
The spell is extremely dangerous to cast (34% risk of failure)!
Continue anyway?
Aiming: Mephitic Cloud (extremely dangerous; 34% risk of failure)
Press: ? - help, Shift-Dir - straight line, f - Sigmund
Aim: Sigmund, wielding a +0 scythe, wearing a +0 robe and carrying a wand of digging (7) (chance to affect: 86%)
You feel a surge of power!
You miscast Mephitic Cloud.
You are very lightly contaminated with residual magic.
You feel rather nauseous for a moment!
You are poisoned.
You feel sick. The bat closely misses you.
Sigmund hits you from afar with a +0 scythe!
You die...

#...... ...... #..#+
#.### # #.... .###
###.#.###..........#
#..........##.. ...#
##.#.b#.##...... ...#
....#..@ยง@..#..##..###
..#..#..###..........#
!..#..#.######.......#
....#................#
#.#..#..#####.##<#+#
#..#..#.......##...####
....#..................#
..#..#.................#
...#..#................#


You could see Sigmund and a bat.

Vanquished Creatures
  4 adders (D:2)
  2 dart slugs
  2 orcs (D:3)
  4 ball pythons (D:1)
  3 endoplasms
  A giant cockroach (D:1)
  3 goblins
  2 hobgoblins
  7 jackals (D:1)
  7 kobolds
  6 bats
  3 frilled lizards
  5 rats
49 creatures vanquished.

Vanquished Creatures (collateral kills)
  An orc (D:3)
1 creature vanquished.

Grand Total: 50 creatures vanquished

Notes
Turn   | Place    | Note
-------+----------+-------------------------------------------
     0 | D:1      | pokeman the Deep Elf Hedge Wizard began the quest for the
                  | Orb.
     0 | D:1      | Reached XP level 1. HP: 10/10 MP: 7/7
   267 | D:1      | Reached XP level 2. HP: 16/16 MP: 6/9
   671 | D:1      | Reached skill level 5 in Spellcasting
  1019 | D:1      | Found a faded altar of an unknown god.
  1162 | D:1      | Reached XP level 3. HP: 19/20 MP: 7/11
  1538 | D:1      | Learned a level 3 spell: Mephitic Cloud
  1541 | D:1      | Learned a level 2 spell: Call Imp
  1544 | D:1      | Learned a level 2 spell: Blink
  1549 | D:1      | Learned a level 3 spell: Conjure Flame
  1839 | D:2      | Found an opulent altar of Gozag.
  1882 | D:2      | Reached skill level 1 in Fighting
  1920 | D:2      | Reached skill level 1 in Armour
  2316 | D:2      | Reached XP level 4. HP: 7/25 MP: 3/13
  3028 | D:3      | Noticed Terence
  3158 | D:3      | Noticed Sigmund
  3175 | D:3      | Slain by Sigmund

Illustrated notes

Levels and vault maps discovered:
D:1:      lightli_arrival_quake, layout_basic, basic_ecumenical_altar
D:2:      layout_loops_ring, basic_altar
D:3:      layout_basic, minmay_misc_feat_diagonals, uniq_terence, uniq_ijyb,
          uniq_sigmund

Skill      XL: |  1  2  3 |
---------------+----------+-----
Spellcasting   | 5 |  5.6
Fighting       | 1 |  1.0
Armour         | 1 |  1.0
Conjurations   | 2 |  2.2
Dodging        | |  2.7
Stealth        | |  2.8
Summonings     | |  1.1
Translocations | |  1.1

Action                   |  1- 3 |  4- 6 || total
-------------------------+-------+-------++-------
Melee: Dagger            |     7 |     1 ||     8
       Staff             |       |     1 ||     1
 Cast: Magic Dart        |    97 |    33 ||   130
       Mephitic Cloud    |     1 |     1 ||     2
       Call Imp          |       |     3 ||     3
       Conjure Flame     |       |     1 ||     1
Armor: Leather armour    |     9 |     5 ||    14
Dodge: Dodged            |    24 |    10 ||    34

Table legend: (Time is in decaauts)
 A = Elapsed time spent in this place.
 B = Non-inter-level travel time spent in this place.
 C = Inter-level travel time spent in this place.
 D = Time resting spent in this place.
 E = Time spent auto-exploring this place.
 F = Levels seen in this place.
 G = Mean time per level.
                   A        B        C        D        E       F      G
               +--------+--------+--------+--------+--------+-----+--------+
         Total |   3175 |   3121 |     54 |    342 |   2363 |   3 | 1058.3 |
       Dungeon |   3175 |   3121 |     54 |    342 |   2363 |   3 | 1058.3 |
               +--------+--------+--------+--------+--------+-----+--------+

Top non-repeatable levels by time:
     D:1: 1551 daAuts
     D:2: 1425 daAuts
     D:3: 198 daAuts
